cohdb
Replays
Latest Replays
All Replays
Popular Replays
Top Player Replays
Match Explorer
How It Works
Community
CoH3 Stats
Reddit
Sign in to upload your games and track your stats! →
Sign in with Steam
Match 41668265
Unlisted
Match 41668265
Overview
Messages
Build Orders
End
Construct Barracks
Construct Weapon Support Center
Sniper
Selects Airborne Battlegroup
Selects Heavy Machine Gun Paradrop
Heavy Machine Gun Paradrop
Heavy Machine Gun Paradrop
Construct Medical Station
Selects Paratrooper Squad Paradrop
Bazooka Squad
Paratrooper Squad Paradrop
Mechanized Support Center
Paratrooper Squad Paradrop
Improved M9 Bazooka Rockets
Paratrooper Squad Paradrop
Selects Anti-tank Gun Team Paradrop
Selects Smoke Bombing Run
Smoke Bombing Run
Construct Tank Depot
TTJK
Eclipse
magicn2s
만두
Catkovsky (Sam)
Player One
vincent
adh0814
0
0
Comments
sign in to comment!
No comments posted yet!